 Dungeon Crawl Stone Soup version 0.19.1-28-ge1247f7 (webtiles) character file.

44 loralnil the Stinger (level 3, -7/19 HPs)
             Began as a Deep Elf Venom Mage on Jan 21, 2017.
             Killed from afar by a white imp (12 damage)
             ... with a puff of frost
             ... summoned by Natasha
             ... on level 3 of the Dungeon.
             The game lasted 00:06:19 (2061 turns).

loralnil the Stinger (Deep Elf Venom Mage)          Turns: 2061, Time: 00:06:21

Health: -7/19      AC:  4    Str:  5    XL:     3   Next: 39%
Magic:  3/10       EV: 13    Int: 20    God:
Gold:   123        SH:  0    Dex: 15    Spells: 2 memorised, 5 levels left

rFire  . . .     SeeInvis .     k - +0 short sword
rCold  . . .     Gourm    .     a - +0 robe
rNeg   . . .     Faith    .     (no shield)
rPois  .         Spirit   .     (no helmet)
rElec  .         Reflect  .     r - +0 cloak
rCorr  .         Harm     .     (no gloves)
MR     .....                    i - +0 pair of boots
Stlth  ++........               (no amulet)
                                (no ring)
                                (no ring)

@: very slightly contaminated
A: no striking features
a: no special abilities


You were on level 3 of the Dungeon.
You were not hungry.

You visited 1 branch of the dungeon, and saw 3 of its levels.

You collected 123 gold pieces.

Inventory:

Hand Weapons
 k - a +0 short sword (weapon)
Armour
 a - a +0 robe (worn)
 i - a +0 pair of boots (worn)
 r - a +0 cloak (worn)
Scrolls
 e - a scroll of identify
 f - a scroll of noise {unknown}
 g - 3 scrolls of remove curse {unknown}
 j - 4 scrolls of enchant armour {unknown}
 l - 2 scrolls of recharging {unknown}
 m - a scroll of enchant weapon {unknown}
 o - a scroll of blinking {unknown}
 q - a scroll of amnesia {unknown}
Potions
 c - a potion of degeneration {unknown}
 d - a potion of ambrosia
 h - a potion of haste
 n - a potion of mutation {unknown}
 p - a potion of flight {unknown}
Books
 b - a Young Poisoner's Handbook

   Spells                             Type                      Level
   a - Sting                          Conjuration/Poison           1
   b - Mephitic Cloud                 Conjuration/Poison/Air       3
   c - Olgreb's Toxic Radiance        Poison                       4
   d - Alistair's Intoxication        Transmutation/Poison         5
   e - Venom Bolt                     Conjuration/Poison           5


   Skills:
 + Level 0.1 Fighting
 + Level 2.6 Dodging
 + Level 2.6 Stealth
 + Level 3.5 Spellcasting
 + Level 1.4 Conjurations
 + Level 5.0 Poison Magic


You had 5 spell levels left.
You knew the following spells:

 Your Spells              Type           Power        Failure   Level  Hunger
a - Sting                 Conj/Pois      ###.         3%          1    None
b - Mephitic Cloud        Conj/Pois/Air  ##......     17%         3    ###....


Dungeon Overview and Level Annotations

Branches:
Dungeon (3/15)

Altars:
Gozag
Kikubaaqudgha

Annotations:
D:3 Natasha


Message History

The shadow imp shouts, "Flee, thou grime-gilt motley-minded fleecer!"
You barely miss the white imp.
The white imp is heavily wounded.
The white imp hits you but does no damage.
You barely miss the white imp.
The white imp is heavily wounded.
The white imp hits you but does no damage.
You hit the white imp but do no damage.
The white imp is heavily wounded.
The crimson imp spits at you. The white imp closely misses you.
Natasha howls an incantation.
Natasha shimmers violently.
You hit the white imp.
The white imp is heavily wounded.
The white imp lashes its tail.
The white imp gestures at you. The puff of frost hits you!
Ouch! That really hurt!
You die...

######### #.......#
#.#####.# #.#####.# ###
###.......# #..
#....##.#.#
#.#######.##.#..#.##
#.#.....#..#.#..#..#
#.#.###.##.#@#...#(#
####.......#..#5###.#.#
#......#.#....#h# #.#.#
#.####.#.#.####5# #...#
#.# #.#.#.. .5# #####
#.# #.#†#.## ### #.#
#.#.### #.# #.#.# #.#
#.#.#


You could see Natasha, a crimson imp, a white imp and a shadow imp.

Vanquished Creatures
  An adder (D:2)
  A worm (D:2)
  A leopard gecko (D:3)
  5 giant cockroaches
  3 hobgoblins
  A ball python (D:1)
  2 bats
  A frilled lizard (D:1)
  7 goblins
  6 kobolds
  2 rats
30 creatures vanquished.

Notes
Turn   | Place    | Note
-------+----------+-------------------------------------------
     0 | D:1      | loralnil the Deep Elf Venom Mage began the quest for the Orb.
     0 | D:1      | Reached XP level 1. HP: 10/10 MP: 6/6
   270 | D:1      | Reached XP level 2. HP: 15/15 MP: 4/8
  1354 | D:2      | Found an opulent altar of Gozag.
  1391 | D:2      | Found an ancient bone altar of Kikubaaqudgha.
  1604 | D:2      | Reached skill level 1 in Conjurations
  1604 | D:2      | Reached skill level 5 in Poison Magic
  1604 | D:2      | Reached XP level 3. HP: 15/19 MP: 1/9
  1692 | D:2      | Learned a level 3 spell: Mephitic Cloud
  2044 | D:3      | Noticed Natasha
  2061 | D:3      | Killed from afar by a white imp

Skill      XL: |  1  2 |
---------------+-------+-----
Conjurations   | 1 |  1.4
Poison Magic   | 5 |  5.0
Fighting       | |  0.1
Dodging        | |  2.6
Stealth        | |  2.6
Spellcasting   | |  3.5

Action                   || total
-------------------------++-------
Melee: Short sword       ||    11
 Cast: Sting             ||    80
  Use: Scroll            ||     2
  Eat: Bread ration      ||     1
Armor: Robe              ||     7
Dodge: Dodged            ||    18
